 Dungeon Crawl Stone Soup version 0.27.1-34-g3ba077fa99 (webtiles) character file.

Game seed: 17113159577712454918

156 Sharkman1231 the Sneak (level 5, -2/40 HPs)
             Began as a Demonspawn Brigand on Jan 14, 2022.
             Was a Believer of Dithmenos.
             Shot with a stone by a goblin (4 damage)
             ... on level 3 of the Dungeon.
             The game lasted 00:03:11 (2679 turns).

Sharkman1231 the Sneak (Demonspawn Brigand)         Turns: 2679, Time: 00:03:12

Health: -2/40      AC:  3    Str: 11    XL:     5   Next: 14%
Magic:  5/5        EV: 14    Int: 13    God:    Dithmenos [**....]
Gold:   54         SH:  0    Dex: 15    Spells: 2/5 levels left

rFire    . . .     SeeInvis .   a - +2 dagger
rCold    . . .     Faith    .   (no shield)
rNeg     . . .     Spirit   .   b - +0 robe
rPois    .         Reflect  .   (no helmet)
rElec    .         Harm     .   c - +0 cloak
rCorr    .         Rampage  .   (no gloves)
Will     .....                  (no boots)
Stlth    +++.......             (no amulet)
HPRegen  0.13/turn              (no ring)
MPRegen  0.18/turn              (no ring)

@: wreathed by umbra
A: hooves 1, repulsion field 1, magic regeneration, demonic magic 1
a: Renounce Religion, Shadow Step


You were on level 3 of the Dungeon.
You worshipped Dithmenos.
Dithmenos was pleased with you.
You visited 1 branch of the dungeon, and saw 3 of its levels.

You collected 54 gold pieces.

Inventory:

Hand Weapons
 a - a +2 dagger (weapon)
Missiles
 d - 7 poisoned darts
 e - 2 curare-tipped darts (quivered)
Armour
 b - a +0 robe (worn)
 c - a +0 cloak (worn)
 i - a +0 buckler
Scrolls
 g - a scroll of holy word {unknown}
 j - 2 scrolls of enchant armour {unknown}
 k - a scroll of identify {unknown}
 m - a scroll of teleportation {unknown}
Potions
 f - a potion of curing {unknown}
 h - a potion of resistance {unknown}
 l - a potion of lignification {unknown}


   Skills:
 + Level 2.9 Fighting
 + Level 2.4 Short Blades
 - Level 1.7 Throwing
 + Level 1.9 Dodging
 + Level 4.1 Stealth
 + Level 1.3 Shields
 + Level 0.5 Spellcasting
 + Level 0.5 Conjurations
 + Level 0.6 Air Magic
 + Level 0.6 Poison Magic


You had 2 spell levels left.
You knew the following spells:

 Your Spells              Type           Power      Damage    Failure   Level
a - Mephitic Cloud        Conj/Pois/Air  1%         N/A       56%         3

Your spell library contained the following spells:

 Spells                   Type           Power      Damage    Failure   Level
 Magic Dart               Conj           4%         1d3       24%         1
 Animate Skeleton         Necr           0%         N/A       30%         1
 Pain                     Necr           0%         1d4       30%         1
 Call Imp                 Summ           0%         N/A       41%         2
 Vampiric Draining        Necr           0%         2d6       65%         3


Dungeon Overview and Level Annotations

Branches:
Dungeon (3/15)

Altars:
Dithmenos

Annotations:
D:3 Sigmund


Innate Abilities, Weirdness & Mutations

You have large cloven feet.
You are surrounded by a mild repulsion field. (EV +2)
You regenerate magic rapidly.
Spells you cast may paralyse adjacent enemies.


Message History

Sigmund is lightly wounded.
Sigmund misses you.
You hit Sigmund. Your kick misses Sigmund.
Sigmund is moderately wounded.
The goblin shoots a stone.
The stone hits you but does no damage. Sigmund misses you.
You hit Sigmund.
Sigmund is moderately wounded.
You closely miss Sigmund.
Sigmund is moderately wounded.
The goblin shoots a stone.
The stone closely misses you. Sigmund misses you.
You hit Sigmund.
Sigmund is heavily wounded.
The goblin shoots a stone.
The stone hits you.
You closely miss Sigmund.
Sigmund is heavily wounded.
Sigmund hits you with a +0 scythe!
The goblin shoots a stone.
The stone misses you.
You are too injured to fight recklessly!
You are too injured to fight recklessly!
You are too injured to fight recklessly!
You are too injured to fight recklessly!
You are too injured to fight recklessly!
You are too injured to fight recklessly!
You are too injured to fight recklessly!
You are too injured to fight recklessly!
Unknown command.
Sigmund closely misses you.
The goblin shoots a stone.
The stone misses you.
You see here a +0 club.
Sigmund zaps a wand.
The puff of flame hits you.
* * * LOW HITPOINT WARNING * * *
The goblin shoots a stone.
The stone closely misses you.
The goblin shoots a stone.
The stone hits you.
* * * LOW HITPOINT WARNING * * *
The goblin shoots a stone.
The stone hits you.
* * * LOW HITPOINT WARNING * * *
The goblin shoots a stone.
The stone closely misses you.
The goblin shoots a stone.
The stone hits you.
You die...

# ## ### ### ### #. #.#
#.# #.# #.# #####.#
#.#.#.#.#.#.#.#
.......###.###.###.###.
###.#.#.#.#.#.#.#.#
#.....#>@#.#.#.#.#.#.#.#.
#.....#.#################
#.....#.#
#.....#.########
#.....#.........
#..g..#.........
######..?..#g....####
...!...@.).#@....###
.......##...........


You could see Sigmund and a goblin.

Vanquished Creatures
  An orc priest (D:3)
  Terence (D:2)
  2 adders
  3 worms
  5 dart slugs
  2 orcs (D:3)
  4 bats
  7 endoplasms
  4 giant cockroaches
  3 goblins
  4 hobgoblins
  6 jackals
  4 quokkas
  8 ball pythons
  3 kobolds
  2 rats (D:1)
59 creatures vanquished.

Notes
Turn   | Place    | Note
-------+----------+-------------------------------------------
     0 | D:1      | Sharkman1231 the Demonspawn Brigand began the quest for the
                  | Orb.
     0 | D:1      | Reached XP level 1. HP: 16/16 MP: 1/1
    91 | D:1      | Reached skill level 1 in Dodging
   123 | D:1      | Gained mutation: You are surrounded by a mild repulsion
                  | field. (EV +2) [demonic ancestry]
   123 | D:1      | Reached XP level 2. HP: 22/22 MP: 2/2
   281 | D:1      | Found a faded altar of an unknown god.
   292 | D:1      | Became a worshipper of Dithmenos the Shadowed
   292 | D:1      | Reached * piety under Dithmenos
   621 | D:1      | Gained mutation: You have large cloven feet. [demonic
                  | ancestry]
   621 | D:1      | Reached XP level 3. HP: 20/28 MP: 3/3
  1298 | D:2      | Reached ** piety under Dithmenos
  1476 | D:2      | Reached skill level 4 in Stealth
  1572 | D:2      | Reached skill level 1 in Shields
  1819 | D:3      | Gained mutation: Spells you cast may paralyse adjacent
                  | enemies. [demonic ancestry]
  1819 | D:3      | Reached XP level 4. HP: 34/34 MP: 4/4
  1823 | D:3      | Learned a level 3 spell: Mephitic Cloud
  1851 | D:3      | Noticed Terence
  2223 | D:2      | Killed Terence
  2403 | D:3      | Gained mutation: You regenerate magic rapidly. [demonic
                  | ancestry]
  2403 | D:3      | Reached XP level 5. HP: 40/40 MP: 5/5
  2657 | D:3      | Noticed Sigmund
  2675 | D:3      | HP: 2/40 [goblin/stone (3)]
  2679 | D:3      | Shot with a stone by a goblin

Illustrated notes

Levels and vault maps discovered:
D:1:      scummos_arrival_simple_crosswalls, layout_loops_ring,
          ebering_ecumenical_altar_box
D:2:      layout_basic
D:3:      cheibrodos_helix_gallery, layout_basic, zin_scriptorium,
          roderic_roman_lattice, uniq_terence, uniq_sigmund

Skill      XL: |  1  2  3 |
---------------+----------+-----
Dodging        | 1 |  1.9
Short Blades   | 2 |  2.4
Stealth        | 4 |  4.1
Shields        | 1 |  1.3
Fighting       | |  2.9
Throwing       | |  1.7
Spellcasting   | |  0.5
Conjurations   | |  0.5
Air Magic      | |  0.6
Poison Magic   | |  0.6

Action                   |  1- 3 |  4- 6 || total
-------------------------+-------+-------++-------
Melee: Dagger            |   111 |    46 ||   157
       Kick              |    17 |    17 ||    34
Throw: Dart              |     3 |    10 ||    13
 Stab: Sleeping          |    12 |     4 ||    16
Armor: Robe              |    11 |     5 ||    16
Dodge: Dodged            |    62 |    53 ||   115
